 Dungeon Crawl Stone Soup version 0.16.1-28-gcc2312f (console) character file.

53 Simboubou the Grave Robber (level 3, 21/28 HPs)
             Began as a Deep Dwarf Necromancer on June 3, 2015.
             Quit the game on level 2 of the Dungeon.
             The game lasted 00:16:22 (1535 turns).

Simboubou the Grave Robber (Deep Dwarf Necromancer) Turns: 1535, Time: 00:16:22

Health: 21/28      AC:  3    Str: 11    XL:     3   Next: 62%
Magic:  6/6        EV: 12    Int: 16    God:
Gold:   127        SH:  0    Dex: 13    Spells: 2 memorised, 4 levels left

rFire  . . .     SeeInvis .     i - +1 dagger
rCold  . . .     Clarity  .     g - +0 leather armour
rNeg   . . .     SustAb   .     (no shield)
rPois  .         Gourm    .     (no helmet)
rElec  .         Spirit   .     (no cloak)
rCorr  .         Warding  .     (no gloves)
rMut   .         Stasis   +     (no boots)
MR     .....                    l - amulet of stasis
Stlth  ++........               (no ring)
                                (no ring)

@: non-regenerating, not resistant to hostile enchantments, unstealthy
A: damage resistance, recharge devices, sense surroundings 1, slow healing 3
a: Device Recharging


You were on level 2 of the Dungeon.
You were not hungry.

You visited 1 branch of the dungeon, and saw 2 of its levels.

You collected 127 gold pieces.

Inventory:

Hand weapons
 i - a +1 dagger (weapon)
Missiles
 f - 16 stones (quivered)
Armour
 a - a +1 robe
 g - a +0 leather armour (worn)
Jewellery
 l - an amulet of stasis (around neck)
Magical devices
 c - a wand of heal wounds (3)
Scrolls
 h - a scroll of teleportation
 j - a scroll of enchant armour
Potions
 e - a potion of restore abilities {unknown}
 k - a potion of cancellation {unknown}
 n - 2 potions of brilliance {unknown}
 o - 2 potions of heal wounds {unknown}
 p - a potion of agility {unknown}
Books
 b - a book of Necromancy

   Spells                             Type                      Level
   a - Pain                           Necromancy                   1
   b - Animate Skeleton               Necromancy                   1
   c - Vampiric Draining              Necromancy                   3
   d - Regeneration                   Charms/Necromancy            3
   e - Animate Dead                   Necromancy                   4
   f - Control Undead                 Necromancy                   4
Comestibles
 d - a bread ration
 m - 3 chunks of flesh


   Skills:
 + Level 2.4 Dodging
 + Level 3.4 Stealth
 + Level 2.2 Spellcasting
 * Level 5.0 Necromancy


You had 4 spell levels left.
You knew the following spells:

 Your Spells              Type           Power        Failure   Level  Hunger
a - Pain                  Necr           ###.         3%          1    #......
b - Animate Skeleton      Necr           N/A          3%          1    #......


Dungeon Overview and Level Annotations

Branches:
Dungeon (2/15)

Altars:
Ashenzari


Innate Abilities, Weirdness & Mutations

You are resistant to damage.
You can recharge devices by infusing magical energy.
You passively map a small area around you.
You do not heal naturally.


Message History

You barely miss the adder.
The adder is severely wounded.
The adder bites you. The adder misses you.
You hit the adder but do no damage.
The adder is heavily wounded.
The adder bites you.
You hit the adder.
The adder is severely wounded.
The adder misses you.
You hit the adder.
You kill the adder!
You see here a ring mail.
Done exploring.
Done exploring.
You are no longer poisoned.
Done exploring.
Save game and exit?
Welcome back, Simboubou the Deep Dwarf Necromancer.
Press ? for a list of commands and other information.
Are you sure you want to abandon this character and quit the game? (Confirm with "yes".)

###..# #.# #.# # #...# ##.##
####.### ##########.#.#
###...#####.......
........##.#.#
#...#..........###
..###.#....#.#
#.#...#####.####
..#...#.÷..#.# #.##.##.###.#
..#........#.###[##.#(..##.#
###...####.#.....##......#>#
⌠.##'##.⌠#......@.###...##.#
..............###.# ##.###.#
#.......#####.# #.# #.#
#.###### #.......#...#.# #.#
#.# #....... +..._...+...+.#
#.# #.# ##.....#
........#...#.# #.# #.#
#.##Z## #.......#.##..# #.#
#.# #.##.# ..............#
#.# #.# ##.##Z##
⌠.##+.#.⌠#..### #.# #.#
#.......


There were no monsters in sight!

Vanquished Creatures
  2 adders (D:2)
  A giant gecko (D:2)
  An ooze (D:1)
  7 bats
  2 goblins
  2 jackals (D:2)
  A ball python (D:1)
  4 giant newts
  4 kobolds (D:1)
  4 rats (D:2)
28 creatures vanquished.

Vanquished Creatures (collateral kills)
  A giant gecko (D:2)
  A bat (D:2)
  3 hobgoblins
  3 jackals (D:2)
  A rat (D:2)
9 creatures vanquished.

Vanquished Creatures (others)
  An adder skeleton (D:2)
  3 bat skeletons
  2 giant gecko skeletons (D:2)
  A giant newt skeleton (D:2)
  A goblin skeleton (D:1)
  2 hobgoblin skeletons (D:2)
  A jackal skeleton (D:2)
  A kobold skeleton (D:1)
  2 rat skeletons (D:2)
14 creatures vanquished.

Grand Total: 51 creatures vanquished

Notes
Turn   | Place    | Note
--------------------------------------------------------------
     0 | D:1      | Simboubou, the Deep Dwarf Necromancer, began the quest for the Orb.
     0 | D:1      | Reached XP level 1. HP: 15/15 MP: 2/2
     8 | D:1      | Learned a level 1 spell: Animate Skeleton
   269 | D:1      | Reached XP level 2. HP: 17/22 MP: 3/3
   927 | D:2      | Reached XP level 3. HP: 22/28 MP: 6/6
   987 | D:2      | Found a shattered altar of Ashenzari.
  1351 | D:2      | Reached skill level 5 in Necromancy
  1535 | D:2      | Quit the game

Action                   || total
-------------------------++-------
Melee: Unarmed           ||    33
       Dagger            ||   100
Throw: Stone             ||    42
 Cast: Animate Skeleton  ||    15
Evoke: Wand              ||     2
  Use: Scroll            ||     8
 Stab: Sleeping          ||     2
  Eat: Chunk             ||     2
